[Event "Titled Tuesday Blitz May 2 Early 2023"]
[White "Karttunen, Mika"]
[Black "Colas, Joshua"]
[WhiteFideId "502081"]
[BlackFideId "2044447"]
[WhiteElo "2396"]
[BlackElo "2347"]
[Result "0-1"]
[Round "09"]
[TimeControl "180+2"]
[Date "2023.05.02"]
[WhiteClock "0:00:05"]
[BlackClock "0:00:18"]

1. e4 g6 2. d4 Bg7 3. Nc3 d5 4. e5 f6 5. f4 Nh6 6. Nf3 O-O 7. h3 fxe5 8. fxe5 Nf5 9. Bb5 Ng3 10. Rg1 c6 11. Ba4 Bf5 12. Bg5 h6 13. Bh4 Ne4 14. Ne2 g5 15. Bg3 Bxh3 16. Nd2 Bf5 17. Nxe4 Bxe4 18. c3 Qd7 19. Qd2 Qg4 20. O-O-O h5 21. Rde1 h4 22. Bh2 Nd7 23. Bd1 Qf5 24. g3 Qf2 25. gxh4 Qxh2 26. Qxg5 Rf7 27. e6 Kh7 28. Qh5+ Bh6+ 29. Rg5 Rg7 30. Rg1 Nf6 31. Qxh6+ Kxh6 32. Rxg7 Qf2 33. R1g3 Rg8 34. Rxg8 Nxg8 35. Rxg8 Qe3# 0-1


[Site "https://www.chess.com"]

[Event "Titled Tuesday Blitz May 2 Early 2023"]
[White "Ibadov, Dashgyn"]
[Black "Kucuksari, Kaan"]
[WhiteFideId "24107514"]
[BlackFideId "6380166"]
[WhiteElo "2208"]
[BlackElo "2364"]
[Result "1-0"]
[Round "09"]
[TimeControl "180+2"]
[Date "2023.05.02"]
[WhiteClock "0:00:56"]
[BlackClock "0:00:23"]

1. d4 f5 2. c4 Nf6 3. Nc3 e6 4. Nf3 Bb4 5. Bd2 O-O 6. e3 b6 7. Bd3 Bb7 8. O-O d6 9. a3 Bxc3 10. Bxc3 Nbd7 11. Qc2 Ne4 12. Nd2 Nxd2 13. Bxd2 Nf6 14. f3 Qe7 15. Rae1 Kh8 16. b4 Rf7 17. e4 fxe4 18. fxe4 e5 19. d5 Raf8 20. c5 bxc5 21. bxc5 Nd7 22. c6 Bxc6 23. dxc6 Nc5 24. Be3 Ne6 25. Rxf7 Rxf7 26. Rf1 Rxf1+ 27. Bxf1 g6 28. Bxa7 Kg7 29. Be3 Qe8 30. a4 Qa8 31. Qc4 Nd8 32. Qa6 Qb8 33. Qa7 Qxa7 34. Bxa7 Nxc6 35. Be3 Na5 36. Bd2 Nb3 37. Bc3 Kf6 38. a5 Nc5 39. a6 Nxa6 40. Bxa6 c6 41. Bb7 d5 42. exd5 cxd5 43. Bxd5 1-0


[Site "https://www.chess.com"]

[Event "Titled Tuesday Blitz May 2 Early 2023"]
[White "Florescu, Codrut-Constantin"]
[Black "Garv Gaur"]
[WhiteFideId "1202200"]
[BlackFideId "45030839"]
[WhiteElo "2191"]
[BlackElo "2068"]
[Result "0-1"]
[Round "09"]
[TimeControl "180+2"]
[Date "2023.05.02"]
[WhiteClock "0:00:12"]
[BlackClock "0:00:43"]

1. e4 g6 2. d4 Bg7 3. Nc3 d5 4. exd5 Nf6 5. Bc4 Nbd7 6. Bb3 Nb6 7. Qf3 Bg4 8. Qg3 Bf5 9. Bg5 Nfxd5 10. Nge2 O-O 11. O-O c6 12. Qh4 Re8 13. Rad1 Qd7 14. Ng3 Nxc3 15. bxc3 Be6 16. Ne4 Bd5 17. Nc5 Qc7 18. Rfe1 e5 19. Ne4 Bxe4 20. Rxe4 exd4 21. Rxe8+ Rxe8 22. cxd4 Nd5 23. Qg3 Qxg3 24. hxg3 Nc3 25. Rf1 Ne2+ 26. Kh2 Nxd4 27. Rd1 c5 28. Bc4 b5 29. Bd3 c4 30. Bf1 Nxc2 31. Rd7 h6 32. Be7 Nd4 33. Bc5 Nc6 34. Rc7 Nd4 35. Bxa7 Re1 36. Bxd4 Bxd4 37. Kg1 c3 38. Rc8+ Kg7 39. Rc7 Ra1 40. Rd7 0-1


[Site "https://www.chess.com"]

[Event "Titled Tuesday Blitz May 2 Early 2023"]
[White "Chernomordik, Pavel"]
[Black "Korchmar, Vasiliy"]
[WhiteFideId "2804530"]
[BlackFideId "24131750"]
[WhiteElo "2193"]
[BlackElo "2370"]
[Result "1-0"]
[Round "09"]
[TimeControl "180+2"]
[Date "2023.05.02"]
[WhiteClock "0:01:18"]
[BlackClock "0:00:43"]

1. e4 c5 2. Nc3 d6 3. f4 Nc6 4. Nf3 e6 5. g3 Nf6 6. Bg2 Be7 7. O-O O-O 8. d3 Rb8 9. h3 b5 10. g4 b4 11. Ne2 a5 12. Ng3 a4 13. Be3 a3 14. b3 Ne8 15. g5 Nc7 16. f5 Nb5 17. Qd2 Re8 18. Nh2 exf5 19. exf5 Ncd4 20. Ng4 Bf8 21. g6 fxg6 22. Bd5+ Kh8 23. fxg6 Bxg4 24. hxg4 Qh4 25. Kg2 Nxc2 26. Bg5 Qxg4 27. Rh1 h6 28. Rxh6+ gxh6 29. Bf6+ 1-0


[Site "https://www.chess.com"]

[Event "Titled Tuesday Blitz May 2 Early 2023"]
[White "Omelja, Artem"]
[Black "Filgueira, Hernan"]
[WhiteFideId "14119846"]
[BlackFideId "101770"]
[WhiteElo "2404"]
[BlackElo "2363"]
[Result "1/2-1/2"]
[Round "09"]
[TimeControl "180+2"]
[Date "2023.05.02"]
[WhiteClock "0:01:49"]
[BlackClock "0:01:46"]

1. e4 c5 2. Nf3 e6 3. d3 Nc6 4. g3 d6 5. Bg2 g6 6. O-O Bg7 7. Nc3 Nge7 8. Be3 Nd4 9. Qd2 h6 10. Rab1 e5 11. Nd5 Nxf3+ 12. Bxf3 Nxd5 13. exd5 h5 14. h4 a5 15. c3 O-O 16. b4 axb4 17. cxb4 b6 18. Bg2 Bf5 19. Be4 Bh3 20. Bg2 Bf5 21. Be4 Bh3 22. Bg2 Bf5 1/2-1/2


[Site "https://www.chess.com"]

[Event "Titled Tuesday Blitz May 2 Early 2023"]
[White "Borgaonkar Akshay"]
[Black "Manukyan, Artyom"]
[WhiteFideId "25639110"]
[BlackFideId "13305786"]
[WhiteElo "2063"]
[BlackElo "2078"]
[Result "1/2-1/2"]
[Round "09"]
[TimeControl "180+2"]
[Date "2023.05.02"]
[WhiteClock "0:00:09"]
[BlackClock "0:00:15"]

1. b3 d5 2. Bb2 Bf5 3. e3 e6 4. f4 Nf6 5. Nf3 h6 6. Ne5 Bd6 7. d3 a5 8. a3 Nbd7 9. h3 Bh7 10. g4 Bxe5 11. fxe5 Ng8 12. h4 Ne7 13. Qf3 Nc6 14. Qg3 Qe7 15. Bg2 O-O-O 16. Nd2 h5 17. g5 Bf5 18. Nf3 Qc5 19. Qf2 Bg4 20. d4 Qb6 21. O-O f6 22. c4 Bxf3 23. Bxf3 fxe5 24. cxd5 exd5 25. Bxd5 exd4 26. exd4 Rhf8 27. Qe3 Rde8 28. Rxf8 Rxf8 29. Re1 Nd8 30. Bg2 Qd6 31. b4 axb4 32. axb4 Nb6 33. Ra1 Kb8 34. Qa3 Nc6 35. b5 Ne7 36. Qa7+ Kc8 37. Qxb7+ Kd7 38. Bh3+ Ke8 39. Qb8+ Nbc8 40. Bg2 Qg3 41. Rf1 Qe3+ 42. Kh2 Rxf1 43. Bxf1 Qf2+ 44. Bg2 Qxb2 45. Qxc7 Qxd4 46. Bc6+ Kf7 47. Qg3 Qb2+ 48. Kh3 Qd4 49. Qf3+ Kg8 50. Be4 g6 51. Bb1 Qd7+ 52. Kg2 Nf5 53. Ba2+ Kh7 54. Qf4 Qb7+ 55. Kh2 Qe7 56. Qc4 Qd6+ 57. Kg1 Qg3+ 58. Kh1 Qxh4+ 59. Qxh4 Nxh4 60. Kh2 Nb6 61. Kg3 Nf5+ 62. Kf4 h4 63. Bb3 Kg7 64. Bd1 Kf8 65. Bf3 Ke7 66. Ke5 Nc4+ 67. Kd5 Nb6+ 68. Kc5 Nc8 69. b6 Ncd6 70. b7 Nxb7+ 71. Bxb7 Ke6 72. Bh1 Ke5 73. Kc4 Kf4 74. Kd3 Kxg5 75. Bg2 Kf4 76. Ke2 Kg3 77. Be4 Nd6 78. Bxg6 h3 79. Bh5 h2 80. Bf3 Nf5 81. Bh1 Nd4+ 82. Ke3 Nf5+ 83. Ke2 Nh4 84. Ke3 Ng2+ 85. Ke2 Nf4+ 86. Ke3 Nd5+ 87. Ke2 Nc3+ 88. Ke3 Nd1+ 89. Ke2 Nf2 90. Ba8 Ng4 91. Bh1 Ne5 92. Ke3 Nc4+ 93. Ke2 Nd6 94. Ke3 Nf5+ 95. Ke2 1/2-1/2


[Site "https://www.chess.com"]

[Event "Titled Tuesday Blitz May 2 Early 2023"]
[White "Nemec, Jachym"]
[Black "Djokic, Mihailo"]
[WhiteFideId "23716525"]
[BlackFideId "976440"]
[WhiteElo "2305"]
[BlackElo "2294"]
[Result "0-1"]
[Round "09"]
[TimeControl "180+2"]
[Date "2023.05.02"]
[WhiteClock "0:01:19"]
[BlackClock "0:00:13"]

1. d4 Nf6 2. c4 g6 3. Nc3 Bg7 4. e4 O-O 5. Be2 d6 6. h4 Na6 7. h5 e5 8. d5 Nc5 9. h6 Bh8 10. Qc2 a5 11. Nh3 a4 12. Be3 Bd7 13. Bxc5 dxc5 14. O-O-O Qe7 15. a3 Ne8 16. f3 f5 17. Kb1 Nd6 18. Nf2 Bf6 19. g4 fxg4 20. Nxg4 Bg5 21. Ka2 Bxg4 22. fxg4 Rf2 23. Rde1 Qd7 24. Qd3 Raf8 25. Qd1 Rg2 26. Qxa4 Qxa4 27. Nxa4 Nxe4 28. Bd3 Nf2 29. Nxc5 Nxh1 30. Be4 Rh2 31. Rxh1 Rxh1 32. Bxh1 Bxh6 33. Ne6 Rf2 34. c5 Be3 35. d6 cxd6 36. cxd6 Rd2 37. Bxb7 Rxd6 38. b4 Rxe6 39. Bd5 Kf7 40. a4 Bd2 41. b5 Ba5 42. Kb3 Ke7 0-1


[Site "https://www.chess.com"]

[Event "Titled Tuesday Blitz May 2 Early 2023"]
[White "Girish, A. Koushik"]
[Black "Womacka, Mathias"]
[WhiteFideId "5038448"]
[BlackFideId "4611390"]
[WhiteElo "2398"]
[BlackElo "2377"]
[Result "1-0"]
[Round "09"]
[TimeControl "180+2"]
[Date "2023.05.02"]
[WhiteClock "0:00:42"]
[BlackClock "0:00:06"]

1. d4 Nf6 2. c4 e6 3. Nf3 Bb4+ 4. Nbd2 O-O 5. a3 Be7 6. e4 d5 7. Bd3 dxe4 8. Nxe4 Nxe4 9. Bxe4 c5 10. O-O Nd7 11. Be3 Nf6 12. Bc2 cxd4 13. Bxd4 b6 14. Qe2 Bb7 15. Rad1 Qc7 16. b3 Rad8 17. a4 Bc5 18. Bxf6 gxf6 19. Be4 f5 20. Bxb7 Qxb7 21. Ne5 Rxd1 22. Rxd1 Qe4 23. Qxe4 fxe4 24. Nd7 e3 25. Nxf8 exf2+ 26. Kf1 Kxf8 27. b4 Bxb4 28. Kxf2 Ke7 29. Kf3 f5 30. Rd4 h6 31. Ke2 Kf6 32. Rd7 a5 33. g3 Bc5 34. h3 h5 35. Kf3 Kg5 36. Rg7+ Kf6 37. Rh7 Kg6 38. Rh8 Kg5 39. Rg8+ Kf6 40. h4 e5 41. Rg5 e4+ 42. Ke2 Ke5 43. Rxh5 Kd4 44. Rxf5 Kxc4 45. h5 Kb4 46. h6 Bd4 47. Rf4 1-0


[Site "https://www.chess.com"]

[Event "Titled Tuesday Blitz May 2 Early 2023"]
[White "Arkell, Keith C"]
[Black "Bayasgalan, Khishigbaatar"]
[WhiteFideId "400270"]
[BlackFideId "4904311"]
[WhiteElo "2319"]
[BlackElo "2057"]
[Result "1/2-1/2"]
[Round "09"]
[TimeControl "180+2"]
[Date "2023.05.02"]
[WhiteClock "0:00:32"]
[BlackClock "0:00:14"]

1. d4 Nf6 2. Nf3 e6 3. c4 d5 4. cxd5 exd5 5. Nc3 c6 6. Qc2 h6 7. Bf4 Bd6 8. Bxd6 Qxd6 9. e3 O-O 10. Be2 Bg4 11. Ne5 Bxe2 12. Qxe2 Nbd7 13. Nxd7 Nxd7 14. O-O f5 15. g3 Nf6 16. Qf3 Ne4 17. Qf4 Qxf4 18. exf4 Nxc3 19. bxc3 Rfe8 20. Rfe1 Re4 21. f3 Rxe1+ 22. Rxe1 Kf7 23. Kf2 b5 24. a4 bxa4 25. Ra1 a5 26. Rxa4 Ke6 27. g4 g6 28. Ke3 Kd6 29. Kd3 c5 30. Kc2 c4 31. h4 h5 32. gxf5 gxf5 33. Ra1 a4 34. Rg1 a3 35. Rg6+ Ke7 36. Kb1 Rb8+ 37. Ka2 Rb2+ 38. Kxa3 Rb3+ 39. Ka4 Rxc3 40. Kb4 Rxf3 41. Kc5 Rxf4 42. Kxd5 Rxh4 43. Rc6 Re4 44. Rxc4 Kf6 45. Rc8 h4 46. Rh8 Kg5 47. Kc5 Kg4 48. d5 Re1 49. d6 Rd1 50. Kc6 h3 51. d7 f4 52. d8=Q Rxd8 53. Rxd8 h2 54. Rg8+ Kf3 55. Rh8 Kg2 56. Rg8+ Kf2 57. Rh8 Kg1 58. Rg8+ Kf1 59. Rh8 Kg1 60. Rg8+ Kh1 61. Rf8 f3 62. Kd5 Kg2 63. Rg8+ Kf1 64. Rh8 Kg1 65. Rg8+ Kh1 66. Rf8 Kg2 67. Rg8+ Kh3 68. Rh8+ Kg3 69. Rg8+ Kf4 70. Rf8+ Ke3 71. Re8+ Kd3 72. Rh8 f2 73. Rh3+ Ke2 74. Rxh2 Ke1 75. Rxf2 Kxf2 1/2-1/2


[Site "https://www.chess.com"]

[Event "Titled Tuesday Blitz May 2 Early 2023"]
[White "Lenaerts, Lennert"]
[Black "Todorovic, Bojan"]
[WhiteFideId "211435"]
[BlackFideId "917087"]
[WhiteElo "2334"]
[BlackElo "2266"]
[Result "1-0"]
[Round "09"]
[TimeControl "180+2"]
[Date "2023.05.02"]
[WhiteClock "0:00:10"]
[BlackClock "0:00:06"]

1. d4 Nf6 2. c4 g6 3. Nc3 Bg7 4. e4 d6 5. f3 O-O 6. Be3 e5 7. Nge2 c6 8. Qd2 Nbd7 9. d5 cxd5 10. cxd5 a6 11. g4 b5 12. Ng3 b4 13. Nd1 a5 14. h4 Nc5 15. h5 b3 16. Bh6 Ra7 17. Bxg7 Kxg7 18. hxg6 fxg6 19. Qh6+ Kg8 20. g5 Ne8 21. Be2 Qb6 22. a3 Na4 23. Rc1 Ba6 24. Rc6 Qd4 25. Rxa6 Rg7 26. Rxa5 Nxb2 27. Nxb2 Qc3+ 28. Kf2 Qxa5 29. Nc4 Qc5+ 30. Kg2 b2 31. Rb1 Rb7 32. Rxb2 Rxb2 33. Nxb2 Qxa3 34. Nc4 Qc3 35. Nf1 Nc7 36. Nfe3 Nb5 37. Ng4 Qc2 38. Kf1 Nd4 39. Qh2 Nxf3 40. Bxf3 Qxc4+ 41. Kg2 Qc2+ 42. Kg3 Qxh2+ 43. Nxh2 Rf4 44. Ng4 Kf7 45. Bg2 Kg7 46. Bf3 Rf8 47. Nf6 h6 48. Nd7 Rd8 49. gxh6+ Kxh6 50. Nb6 Kg5 51. Nc4 Kf6 52. Bg4 Ke7 53. Kh4 Rf8 54. Kg5 Rf4 55. Nd2 Kf7 56. Bf3 Kg7 57. Bg4 Rf2 58. Nc4 Rf6 59. Be6 Rf1 60. Nxd6 Re1 61. Kg4 g5 62. Kxg5 Kf8 63. Kf6 Rf1+ 64. Nf5 Ke8 65. Kxe5 Kd8 66. d6 Ke8 67. Nd4 Kd8 68. Nc6+ Ke8 69. d7+ Kf8 70. d8=Q+ 1-0


[Site "https://www.chess.com"]

[Event "Titled Tuesday Blitz May 2 Early 2023"]
[White "Makhmudov, Shukhrat"]
[Black "Orlov, Georgi"]
[WhiteFideId "14200775"]
[BlackFideId "2011271"]
[WhiteElo "2135"]
[BlackElo "2453"]
[Result "1-0"]
[Round "09"]
[TimeControl "180+2"]
[Date "2023.05.02"]
[WhiteClock "0:00:07"]
[BlackClock "0:00:06"]

1. e4 d6 2. Nf3 Nf6 3. Nc3 c6 4. d4 Bg4 5. Be2 e6 6. Be3 Be7 7. Qd2 d5 8. exd5 cxd5 9. Bb5+ Nbd7 10. Ne5 a6 11. Bxd7+ Nxd7 12. Nxg4 O-O 13. f3 Qc7 14. O-O Bd6 15. f4 Rac8 16. Ne5 Nf6 17. Bf2 Bb4 18. Bh4 Ne4 19. Qd3 Bxc3 20. bxc3 f6 21. Nf3 Qxf4 22. Be1 Qc7 23. Rb1 b5 24. a4 Nxc3 25. Bxc3 Qxc3 26. axb5 axb5 27. Rxb5 Qxc2 28. Qxc2 Rxc2 29. Re1 Re8 30. Rxd5 Kf7 31. Rd7+ Kg6 32. Re4 h5 33. Re3 Kh6 34. Nh4 Rb8 35. h3 g5 36. Nf3 g4 37. hxg4 hxg4 38. Ne1 Rb1 39. Rxe6 Kg5 40. Rd5+ Kh4 41. Rxf6 Rxe1+ 42. Rf1 Rxf1+ 43. Kxf1 Kg3 44. Re5 Rc1+ 45. Ke2 Kxg2 46. Re3 g3 47. Rd3 Kh2 48. Kf3 Rf1+ 49. Kg4 g2 50. Rh3+ Kg1 51. d5 Rd1 52. Rh5 1-0


[Site "https://www.chess.com"]

[Event "Titled Tuesday Blitz May 2 Early 2023"]
[White "Quesada Perez, Yuniesky"]
[Black "Fernandez Garcia, Gumersindo"]
[WhiteFideId "3504409"]
[BlackFideId "24516740"]
[WhiteElo "2585"]
[BlackElo "2093"]
[Result "1-0"]
[Round "09"]
[TimeControl "180+2"]
[Date "2023.05.02"]
[WhiteClock "0:01:48"]
[BlackClock "0:00:14"]

1. e4 c5 2. Nf3 g6 3. Bc4 Nc6 4. d3 Bg7 5. c3 e6 6. Bb3 Nge7 7. O-O O-O 8. Be3 b6 9. d4 cxd4 10. cxd4 d5 11. e5 Nf5 12. Bf4 h5 13. Nc3 Ba6 14. Re1 Nb4 15. Bg5 Qd7 16. Qd2 Rac8 17. h3 Rfe8 18. g4 hxg4 19. hxg4 Ne7 20. Bf6 Nd3 21. Red1 Nc6 22. Kg2 Bxf6 23. exf6 Qd8 24. Qg5 Bc4 25. Rh1 e5 26. Rh8+ 1-0


[Site "https://www.chess.com"]

[Event "Titled Tuesday Blitz May 2 Early 2023"]
[White "Janaszak, Dawid"]
[Black "Mikhailovsky, Vladimir"]
[WhiteFideId "1119206"]
[BlackFideId "34105414"]
[WhiteElo "2220"]
[BlackElo "2275"]
[Result "0-1"]
[Round "09"]
[TimeControl "180+2"]
[Date "2023.05.02"]
[WhiteClock "0:00:33"]
[BlackClock "0:00:15"]

1. e4 e5 2. Nf3 d5 3. Nxe5 Bd6 4. d4 dxe4 5. Bc4 Bxe5 6. Qh5 Qe7 7. Qxe5 Qxe5 8. dxe5 Nc6 9. Bb5 Bd7 10. Bf4 O-O-O 11. Bxc6 Bxc6 12. Nc3 Ne7 13. O-O Ng6 14. Bg3 Rhe8 15. Rfe1 Rd2 16. Re2 Rxe2 17. Nxe2 Nxe5 18. Nd4 Bd7 19. Re1 f5 20. f3 Nc6 21. Nb5 exf3 22. Rxe8+ Bxe8 23. Nxc7 Bf7 24. gxf3 Bxa2 25. Nb5 Kd7 26. c3 g5 27. Nd4 Nxd4 28. cxd4 f4 29. Be1 Ke6 30. Bb4 Bd5 31. Kf2 Kf5 32. Bc5 b6 33. Bd6 h5 34. Bb8 a6 35. Bc7 b5 36. b4 g4 37. fxg4+ hxg4 38. Bb8 Ke4 39. Bc7 Be6 40. Bb8 f3 41. Be5 Kd3 42. Bf6 Kc4 43. Be7 Kxd4 44. Bc5+ Kc4 45. Be7 Bc8 46. Kg3 Kb3 47. Bd6 Ka4 48. Kf2 a5 49. bxa5 Kxa5 50. Ke1 b4 51. Bg3 Kb5 52. Kd2 Kc4 53. Kc2 Bf5+ 54. Kb2 b3 55. Bf2 Bc2 56. Bg3 Kd3 57. Bh4 Ke2 58. Bg3 f2 0-1


[Site "https://www.chess.com"]

[Event "Titled Tuesday Blitz May 2 Early 2023"]
[White "Ilamparthi A R"]
[Black "Bartel, Michal"]
[WhiteFideId "45015775"]
[BlackFideId "1119257"]
[WhiteElo "2348"]
[BlackElo "2282"]
[Result "0-1"]
[Round "09"]
[TimeControl "180+2"]
[Date "2023.05.02"]
[WhiteClock "0:00:17"]
[BlackClock "0:00:22"]

1. e4 e5 2. f4 exf4 3. Bc4 Qh4+ 4. Kf1 d6 5. Nf3 Qh6 6. d4 Be6 7. Qd3 Nd7 8. Nc3 a6 9. Ne2 g5 10. h4 Be7 11. Kg1 gxh4 12. Nxf4 Qf6 13. Nd5 Bxd5 14. Bxd5 O-O-O 15. Rxh4 Qg7 16. Rh1 Ngf6 17. Bb3 Rhg8 18. Qe2 Nxe4 19. Rh2 Ng5 20. Bxg5 Bxg5 21. Rf1 Rde8 22. Qc4 Bf4 23. Rf2 Bxh2+ 24. Nxh2 Re1+ 25. Nf1 Rf8 26. Qc3 Rd1 27. Bd5 Qxd4 28. Qxd4 Rxd4 29. Bxf7 Kd8 30. Rf3 Ne5 0-1


[Site "https://www.chess.com"]

[Event "Titled Tuesday Blitz May 2 Early 2023"]
[White "Koellner, Ruben Gideon"]
[Black "Jaskolka, Tomasz"]
[WhiteFideId "12993093"]
[BlackFideId "1170791"]
[WhiteElo "2314"]
[BlackElo "2155"]
[Result "1/2-1/2"]
[Round "09"]
[TimeControl "180+2"]
[Date "2023.05.02"]
[WhiteClock "0:00:07"]
[BlackClock "0:00:05"]

1. d4 d5 2. Nf3 Nc6 3. e3 f6 4. c4 e6 5. Nc3 Bb4 6. Qb3 Nge7 7. cxd5 Nxd5 8. Bb5 Bd7 9. O-O Bxc3 10. bxc3 O-O 11. c4 Nde7 12. Bd2 a6 13. Ba4 Qe8 14. Qa3 Qf7 15. Rab1 Rab8 16. Rfd1 Kh8 17. Be1 Ng6 18. Rbc1 Rfd8 19. Bc3 e5 20. d5 Nce7 21. Ba5 Bxa4 22. Qxa4 Nf5 23. e4 Nd6 24. Qc2 Nf4 25. g3 Qh5 26. Nh4 b6 27. Bb4 Ne2+ 28. Kg2 Nxc1 29. Rxc1 a5 30. Bxd6 cxd6 31. Nf5 Qf7 32. Rb1 Qc7 33. Qb3 g6 34. Ne3 Rdc8 35. h4 Kg7 36. Qd3 Qd7 37. Rb5 Rc5 38. Rb1 Qc7 39. a4 Rc8 40. Qb3 Qd7 41. Qa2 Rb8 42. f3 f5 43. Qc2 f4 44. gxf4 exf4 45. Qb2+ Kg8 46. Ng4 Qg7 47. Nf6+ Kf7 48. Ng4 Qxb2+ 49. Rxb2 Rxc4 50. Nh6+ Kg7 51. Ng4 Rb4 52. Rc2 Rxa4 53. Rc7+ Kf8 54. Nf6 Ra2+ 55. Kh3 h6 56. Rd7 Rb2 57. Nh7+ Ke8 58. Nf6+ Kf8 59. h5 gxh5 60. e5 dxe5 61. Nh7+ Ke8 62. Nf6+ Kf8 63. Nh7+ Kg8 64. Nf6+ Kf8 1/2-1/2


[Site "https://www.chess.com"]

[Event "Titled Tuesday Blitz May 2 Early 2023"]
[White "Dronavalli, Harika"]
[Black "Khamdamova, Afruza"]
[WhiteFideId "5015197"]
[BlackFideId "14210444"]
[WhiteElo "2432"]
[BlackElo "2210"]
[Result "1/2-1/2"]
[Round "09"]
[TimeControl "180+2"]
[Date "2023.05.02"]
[WhiteClock "0:00:39"]
[BlackClock "0:00:18"]

1. Nf3 d5 2. c4 c6 3. g3 Nf6 4. Bg2 dxc4 5. a4 g6 6. Na3 Be6 7. Qc2 Na6 8. Ng5 Qd7 9. Nxe6 Qxe6 10. Qxc4 Qxc4 11. Nxc4 Nb4 12. Kd1 Bg7 13. d3 O-O 14. Bd2 Nbd5 15. h3 Rfd8 16. Rc1 Rac8 17. Na5 Rd7 18. b4 e6 19. Nb3 Bf8 20. Nc5 Bxc5 21. Rxc5 b6 22. Rc4 c5 23. b5 Rcd8 24. Bf3 e5 25. h4 h5 26. Kc1 Kg7 27. Kb2 Ne7 28. Bg5 Nf5 29. Re1 Rd4 30. Kc3 Rxc4+ 31. dxc4 Nd4 32. Bg2 Rd6 33. e3 Ne6 34. Bxf6+ Kxf6 35. Bd5 Nc7 36. Rd1 Ke7 37. Rd2 Nxd5+ 38. cxd5 f5 39. f3 e4 40. f4 Kf6 41. Kc4 Ke7 42. a5 Rd8 43. Ra2 Rd7 44. axb6 axb6 45. Ra8 Kd6 46. Rb8 Kc7 47. Rg8 Rd6 48. Rg7+ Kd8 49. Rb7 Kc8 50. Re7 Kd8 51. Re5 Kd7 52. Kb3 Rf6 53. Kc4 Rd6 54. Kc3 Rf6 55. Kc2 Rd6 56. Kb2 Rf6 57. Ka3 Rd6 58. Kb3 Rf6 59. Kc4 Rd6 1/2-1/2


[Site "https://www.chess.com"]

[Event "Titled Tuesday Blitz May 2 Early 2023"]
[White "Souleidis, Georgios"]
[Black "Andreev, Konstantin"]
[WhiteFideId "4206827"]
[BlackFideId "24239305"]
[WhiteElo "2401"]
[BlackElo "2106"]
[Result "1/2-1/2"]
[Round "09"]
[TimeControl "180+2"]
[Date "2023.05.02"]
[WhiteClock "0:00:10"]
[BlackClock "0:00:36"]

1. e4 c5 2. Be2 e6 3. d3 Nc6 4. f4 g6 5. Nf3 Bg7 6. O-O d6 7. c3 Nge7 8. Be3 b6 9. d4 cxd4 10. cxd4 Bb7 11. Nc3 O-O 12. Rc1 Rc8 13. Bd3 Qd7 14. Qe2 Nb4 15. Bb5 Bc6 16. Bxc6 Nbxc6 17. Rfd1 Qb7 18. Nb5 Rfd8 19. Nc3 a6 20. h4 h5 21. Ng5 b5 22. Qf3 b4 23. Ne2 Na5 24. b3 Rxc1 25. Rxc1 Rc8 26. Rxc8+ Qxc8 27. g4 hxg4 28. Qxg4 Qc2 29. h5 Qd3 30. Kf2 f5 31. Qg2 Nac6 32. exf5 Nxf5 33. Qxc6 Qxe3+ 34. Kf1 Ng3+ 35. Nxg3 Qxf4+ 36. Kg2 Qxg5 37. hxg6 Qxg6 38. Qxd6 Bh6 39. d5 Bg5 40. dxe6 Bh4 41. Qf4 Bxg3 42. Qxg3 Kg7 43. e7 Qxg3+ 44. Kxg3 Kf7 45. Kf4 Kxe7 46. Ke5 a5 47. Kd5 a4 48. bxa4 Kd7 49. Kc5 Kc7 50. Kxb4 Kb7 51. Kb5 Ka8 52. Ka6 Kb8 53. a5 Ka8 54. Kb6 Kb8 55. a6 Ka8 56. a7 1/2-1/2


[Site "https://www.chess.com"]

[Event "Titled Tuesday Blitz May 2 Early 2023"]
[White "Arpita, Mukherjee"]
[Black "Mendez Fortes, Eduardo Jesus"]
[WhiteFideId "5056403"]
[BlackFideId "3502376"]
[WhiteElo "2129"]
[BlackElo "2307"]
[Result "0-1"]
[Round "09"]
[TimeControl "180+2"]
[Date "2023.05.02"]
[WhiteClock "0:00:02"]
[BlackClock "0:00:12"]

1. e4 c5 2. Nf3 d6 3. Bb5+ Nd7 4. d4 cxd4 5. Qxd4 a6 6. Bxd7+ Bxd7 7. c4 Rc8 8. Nc3 e5 9. Qd3 Be6 10. b3 Ne7 11. O-O Nc6 12. a4 Be7 13. Ba3 O-O 14. Rfd1 Qb6 15. Rab1 Rfd8 16. b4 Nd4 17. Nxd4 Bxc4 18. Nd5 Bxd3 19. Nxb6 Rc3 20. Bb2 Bxb1 21. Bxc3 exd4 22. Bxd4 Ba2 23. Rc1 d5 24. e5 Bxb4 25. f4 a5 26. Rc7 Bb1 27. Rxb7 Be4 28. Kf2 Bd2 29. g3 Re8 30. Rc7 g5 31. fxg5 Bxg5 32. Nc8 Rf8 33. Nd6 Bg6 34. Ke2 Rb8 35. Rb7 Rd8 36. h4 Bh5+ 37. Ke1 Bh6 38. Nf5 Bf8 39. Ne7+ Bxe7 40. Rxe7 Rc8 41. Kd2 Bg6 42. Ke3 h5 43. Kf4 Rc4 44. Ke3 Rxa4 45. Re8+ Kh7 46. e6 f6 47. Bxf6 Bxe8 48. Bd4 Kg6 0-1


[Site "https://www.chess.com"]

[Event "Titled Tuesday Blitz May 2 Early 2023"]
[White "Girya, Olga"]
[Black "Pham, Khoi"]
[WhiteFideId "4195752"]
[BlackFideId "1054988"]
[WhiteElo "2263"]
[BlackElo "2355"]
[Result "1-0"]
[Round "09"]
[TimeControl "180+2"]
[Date "2023.05.02"]
[WhiteClock "0:00:04"]
[BlackClock "0:00:03"]

1. d4 f5 2. g3 Nf6 3. Bg2 g6 4. Nd2 Bg7 5. c3 O-O 6. e4 fxe4 7. Nxe4 Nxe4 8. Bxe4 e6 9. Bg2 d6 10. Nf3 Nd7 11. O-O Kh8 12. Ng5 Nf6 13. Re1 Qe7 14. Qb3 e5 15. dxe5 dxe5 16. Be3 h6 17. Ne4 Nxe4 18. Bxe4 Bf5 19. Qxb7 Rab8 20. Qc6 Rf6 21. Qc4 Rxb2 22. Bxa7 Bxe4 23. Qxe4 Qa3 24. Be3 Qxc3 25. Rec1 Qa5 26. Rc5 Qa3 27. Rxc7 Rxa2 28. Rxa2 Qxa2 29. Kg2 Rf7 30. Rc8+ Kh7 31. Rc6 Rf6 32. Rc7 Rf7 33. Rc6 Rf6 34. Rxf6 Bxf6 35. h4 Kg7 36. Qb7+ Qf7 37. Bxh6+ Kg8 38. Qxf7+ Kxf7 39. Kf3 Ke6 40. Ke4 Bd8 41. Bd2 Bb6 42. Be3 Ba5 43. g4 Bd8 44. Bg5 Bb6 45. Be3 Bd8 46. h5 gxh5 47. gxh5 Bf6 48. f3 Bh8 49. Bd2 Bf6 50. Bc3 Bh8 51. f4 Bg7 52. Bxe5 Bh6 53. f5+ Kf7 54. Bf4 Bf8 55. h6 Kg8 56. Bg5 Ba3 57. Ke5 Bb2+ 58. Ke6 Bc3 59. f6 Bb4 60. f7+ Kh7 61. Be7 Bxe7 62. Kxe7 Kxh6 63. f8=Q+ 1-0


[Site "https://www.chess.com"]

[Event "Titled Tuesday Blitz May 2 Early 2023"]
[White "Pourkashiyan, Atousa"]
[Black "Gontcharov, Vladislav"]
[WhiteFideId "12502014"]
[BlackFideId "4123492"]
[WhiteElo "2228"]
[BlackElo "2420"]
[Result "0-1"]
[Round "09"]
[TimeControl "180+2"]
[Date "2023.05.02"]
[WhiteClock "0:00:08"]
[BlackClock "0:00:23"]

1. e4 e6 2. d4 d5 3. Nd2 Be7 4. Ngf3 Nf6 5. Bd3 c5 6. e5 Nfd7 7. c3 Nc6 8. O-O g5 9. dxc5 g4 10. Nd4 Ncxe5 11. Bb5 Bxc5 12. Re1 Ng6 13. Qxg4 O-O 14. N2f3 Nf6 15. Qg5 Ne4 16. Qh6 Qf6 17. h4 Qg7 18. h5 Ne7 19. Qxg7+ Kxg7 20. Bd3 f5 21. h6+ Kf6 22. Bf4 Ng6 23. Be3 f4 24. Bc1 e5 25. Nb3 Bxf2+ 26. Kf1 Bxe1 27. Kxe1 Ng3 28. Bxg6 hxg6 29. c4 dxc4 30. Nc5 b6 31. Na4 Bf5 32. Bd2 Rh8 33. Bc3 Rae8 34. Kf2 Ne4+ 35. Kg1 Rxh6 36. Re1 Rh7 37. Bb4 Rd7 38. Nc3 Ng3 39. Ne2 Nxe2+ 40. Rxe2 Bd3 41. Re1 e4 42. Bc3+ Kf5 43. Nd4+ Rxd4 44. Bxd4 e3 45. g3 g5 46. gxf4 gxf4 47. Kg2 Rg8+ 48. Kh3 Ke4 49. Bc3 Kf3 50. Kh4 Kf2 51. Kh5 Rg2 52. Rh1 f3 53. Be1+ Ke2 54. Bh4 f2 55. Rc1 Rg1 0-1


[Site "https://www.chess.com"]

[Event "Titled Tuesday Blitz May 2 Early 2023"]
[White "Avazkhonov, Alikhon"]
[Black "Skliarov, Viktor"]
[WhiteFideId "14208504"]
[BlackFideId "14106736"]
[WhiteElo "1739"]
[BlackElo "2317"]
[Result "1-0"]
[Round "09"]
[TimeControl "180+2"]
[Date "2023.05.02"]
[WhiteClock "0:00:16"]
[BlackClock "0:00:03"]

1. d4 Nf6 2. c4 e6 3. Nc3 Bb4 4. e3 b6 5. Bd2 Bb7 6. Nf3 O-O 7. Bd3 Bxc3 8. Bxc3 Ne4 9. Bxe4 Bxe4 10. d5 c5 11. Nd2 Bg6 12. h4 h5 13. g4 exd5 14. gxh5 d4 15. exd4 Re8+ 16. Kf1 Bd3+ 17. Kg1 d5 18. Qg4 Qd7 19. Qg3 Bf5 20. h6 g6 21. h5 Kh7 22. hxg6+ Bxg6 23. Nf3 f6 24. dxc5 Nc6 25. Bxf6 Re4 26. Ng5+ Kg8 27. h7+ Bxh7 28. Rxh7 Qxh7 29. Nxh7+ Kxh7 30. Qg7# 1-0


[Site "https://www.chess.com"]